 Dungeon Crawl Stone Soup version 0.18-a0-1195-g77a4f03 (webtiles) character file.

3124 kae the Martial Artist (level 9, -3/64 HPs)
             Began as a Mottled Draconian Transmuter on Jan 29, 2016.
             Was a Follower of Makhleb.
             Killed from afar by an orc warrior (9 damage)
             ... with a wand of flame
             ... on level 8 of the Dungeon.
             The game lasted 00:17:57 (9585 turns).

kae the Martial Artist (DrTm)                       Turns: 9585, Time: 00:17:58

Health: -3/64      AC:  2    Str: 13    XL:     9   Next: 61%
Magic:  9/12       EV: 20    Int: 16    God:    Makhleb [*.....]
Gold:   344        SH:  0    Dex: 21    Spells: 4 memorised, 1 level left

rFire  . . .     SeeInvis .       - Unarmed
rCold  . . .     Gourm    .     (armour unavailable)
rNeg   . . .     Faith    .     (shield currently unavailable)
rPois  .         Spirit   .     (helmet currently unavailable)
rElec  .         Dismiss  .     (cloak currently unavailable)
rCorr  .         Reflect  .     (gloves currently unavailable)
SustAt .         Harm     .     (boots currently unavailable)
MR     .....                    y - amulet of magic regeneration
Stlth  ++........               j - ring of poison resistance
                                m - +2 ring of dexterity

@: spider-form (expiring), very slightly contaminated, not resistant to hostile
enchantments, unstealthy
A: (breathe sticky flame splash), unfitting armour, clever 1, (cold-blooded), AC
+7
a: End Transformation, Renounce Religion


You were on level 8 of the Dungeon.
You worshipped Makhleb.
Makhleb was aware of your devotion.
You were near starving.
You were a venomous arachnid creature.
You visited 2 branches of the dungeon, and saw 9 of its levels.

You collected 368 gold pieces.
You spent 24 gold pieces at shops.

Inventory:

Missiles
 a - 190 arrows
 E - 4 arrows of frost
Armour
 o - a +0 cloak (melded)
Jewellery
 j - a ring of poison resistance (right front leg)
 m - a +2 ring of dexterity (left front leg)
 q - an uncursed ring of magical power
 r - an uncursed ring of see invisible {unknown}
 y - an amulet of magic regeneration (around neck)
Wands
 l - a wand of paralysis (8/24)
Scrolls
 h - a scroll of recharging
 k - a scroll of magic mapping
 n - a scroll of identify
 u - 2 scrolls of remove curse
 D - 2 scrolls of fog
Potions
 d - 2 potions of flight
 e - 4 potions of curing
 p - 2 potions of might
 s - a potion of brilliance
 z - a potion of magic
Books
 b - a book of Changes

   Spells                             Type                      Level
   a - Beastly Appendage              Transmutation                1
   b - Sticks to Snakes               Transmutation                2
   c - Spider Form                    Transmutation/Poison         3
   d - Ice Form                       Ice/Transmutation            4
   e - Blade Hands                    Transmutation                5
 A - a book of Transfigurations

   Spells                             Type                      Level
   a - Stoneskin                      Transmutation/Earth          2
   b - Irradiate                      Conjuration/Transmutation    5
   c - Statue Form                    Transmutation/Earth          6
   d - Hydra Form                     Transmutation                6
   e - Dragon Form                    Transmutation                7
Comestibles
 c - 7 bread rations
 f - a beef jerky
 g - 5 meat rations
 i - a slice of pizza
 v - 8 fruits


   Skills:
 - Level 1.1 Fighting
 - Level 1.7 Dodging
 - Level 13.0 Unarmed Combat
 - Level 2.0 Spellcasting
 - Level 2.0 Transmutations
 + Level 3.4 Invocations


You had one spell level left.
You knew the following spells:

 Your Spells              Type           Power        Failure   Level  Hunger
a - Beastly Appendage     Trmt           #.....       24%         1    #......
b - Sticks to Snakes      Trmt           #.......     32%         2    ###....
c - Spider Form           Trmt/Pois      #.........   61%         3    ###....
d - Blade Hands           Trmt           #.........   100%        5    ######.


Dungeon Overview and Level Annotations

Branches:
Dungeon (8/15)             Temple (1/1) D:6
   Lair: D:8-11

Altars:
Ashenzari
Cheibriados
Dithmenos
Elyvilon
Fedhas
Gozag
Kikubaaqudgha
Makhleb
Nemelex Xobeh
Okawaru
Pakellas
Qazlal
Ru
Sif Muna
Trog
Vehumet
Xom
Yredelemnul
Zin
The Shining One

Shops:
D:4 =   D:6 [

Annotations:
D:8 YrmMerkstave's ghost, novice MiFi


Innate Abilities, Weirdness & Mutations

((You can spit globs of burning liquid.))
((You can ignite nearby creatures when you spit burning liquid.))
((Your weird mottled scales are hard (AC +7).))
Your body does not fit into most forms of armour.
((You are cold-blooded and may be slowed by cold attacks.))
Your mind is acute. (Int +2)


Message History

Makhleb accepts your kill.
The orc warrior drinks a potion.
The orc warrior seems to speed up.
You barely miss the jackal. The jackal barely misses you.
You maul the jackal!!
You kill the jackal!
Makhleb accepts your kill.
Your transformation is almost over.
You barely miss the orc warrior.
The orc warrior is severely wounded.
The orc warrior zaps a wand.
The puff of flame hits you!
* * * LOW HITPOINT WARNING * * *
You hit the orc warrior but do no damage.
The orc warrior is poisoned.
The orc warrior is severely wounded.
The orc warrior misses you.
You hit the orc warrior.
The orc warrior looks even sicker.
The orc warrior is almost dead.
The orc warrior misses you.
The orc warrior zaps a wand.
The puff of flame hits you!
You die...

#....# .......#
#....##########......#
#...<................###
##+#...(...>...))....'..
#.#........###.#....###
#....#...#...#.#...)#
######.#.#.# #o#.####
#.#.#.# #.#.# ###.#.#.#
#s#.# #.....#.#.#.#.#
#.....#.#.#.#.#
#.........#.#
#....##<###.#
#........)..#
#........#### ####....(#
#.)...#


You could see an orc warrior.

Vanquished Creatures
  The ghost of utis the Nimble, a novice DEGl (D:7)
  The ghost of Kidiri the Conjurer, an amateur DrCj (D:4)
  Grinder (D:5)
  An orc warrior (D:6)
  4 ice beasts
  3 sky beasts
  A black bear (D:7)
  An ogre (D:6)
  4 centaurs
  A big kobold (D:7)
  3 scorpions
  2 water moccasin zombies
  2 crimson imps
  A centaur skeleton (D:4)
  2 orc priests
  4 hounds
  A jelly (D:5)
  2 orc wizards (D:5)
  An iguana (D:3)
  Terence (D:2)
  4 worker ants
  A hound zombie (D:7)
  A hound skeleton (D:5)
  12 adders
  4 gnolls (D:5)
  An adder skeleton (D:8)
  3 adder zombies
  2 worms
  8 giant geckos
  20 orcs
  7 giant cockroaches
  5 goblins
  6 hobgoblins
  13 jackals
  15 kobolds
  A quokka (D:2)
  2 ball pythons
  11 bats
  A giant gecko skeleton (D:6)
  7 giant newts
  A quokka skeleton (D:5)
  10 rats
  A plant (D:1)
173 creatures vanquished.

Vanquished Creatures (others)
  2 plants (D:8)
2 creatures vanquished.

Grand Total: 175 creatures vanquished

Notes
Turn   | Place    | Note
--------------------------------------------------------------
     0 | D:1      | kae the Draconian Transmuter began the quest for the Orb.
     0 | D:1      | Reached XP level 1. HP: 16/16 MP: 3/3
   167 | D:1      | Reached XP level 2. HP: 15/23 MP: 5/5
   399 | D:1      | HP: 1/23 [rat (2)]
   892 | D:1      | Reached skill level 4 in Unarmed Combat
  1372 | D:2      | Reached XP level 3. HP: 15/28 MP: 6/6
  1770 | D:2      | Reached skill level 5 in Unarmed Combat
  1770 | D:2      | Reached XP level 4. HP: 32/35 MP: 7/7
  1870 | D:2      | Noticed Terence
  1884 | D:2      | Killed Terence
  2386 | D:3      | Reached XP level 5. HP: 27/40 MP: 8/8
  2429 | D:3      | Found a faded altar to an unknown god.
  2446 | D:3      | Reached skill level 6 in Unarmed Combat
  2798 | D:3      | Found an oddly glowing altar of Pakellas.
  2801 | D:3      | Found a white marble altar of Elyvilon.
  2804 | D:3      | Found a radiant altar of Vehumet.
  2828 | D:3      | Found a shattered altar of Ashenzari.
  2853 | D:3      | Learned a level 2 spell: Sticks to Snakes
  2857 | D:3      | Learned a level 3 spell: Spider Form
  3482 | D:4      | Found a blossoming altar of Fedhas.
  3619 | D:4      | Noticed Kidiri's ghost (amateur DrCj)
  3654 | D:4      | Gained mutation: Your mind is acute. (Int +2) [potion of beneficial mutation]
  3663 | D:4      | Killed Kidiri's ghost
  3663 | D:4      | Reached skill level 7 in Unarmed Combat
  3663 | D:4      | Reached XP level 6. HP: 32/47 MP: 9/9
  4273 | D:4      | Reached skill level 8 in Unarmed Combat
  4340 | D:4      | Found Yschaclao's Jewellery Boutique.
  4344 | D:4      | Bought a cursed -2 ring of intelligence for 24 gold pieces
  4416 | D:4      | Reached XP level 7. HP: 38/52 MP: 10/10
  4416 | D:4      | Your scales start taking on a weird mottled colour.
  4495 | D:5      | Entered Level 5 of the Dungeon
  4548 | D:5      | Found an oddly glowing altar of Pakellas.
  4864 | D:5      | Reached skill level 9 in Unarmed Combat
  4871 | D:5      | Noticed Grinder
  4885 | D:5      | Killed Grinder
  4902 | D:5      | Reached XP level 8. HP: 12/59 MP: 11/11
  5276 | D:5      | Reached skill level 10 in Unarmed Combat
  5436 | D:5      | Learned a level 5 spell: Blade Hands
  6135 | D:6      | Reached skill level 11 in Unarmed Combat
  6296 | D:6      | Found a staircase to the Ecumenical Temple.
  6346 | Temple   | Entered the Ecumenical Temple
  6376 | Temple   | Became a worshipper of Makhleb the Destroyer
  6471 | D:6      | HP: 2/59 [orc warrior/antimagic flail (19)]
  7158 | D:6      | Found Ovuotoxe's Armour Emporium.
  7254 | D:6      | Found a burning altar of Makhleb.
  7586 | D:5      | Reached XP level 9. HP: 55/64 MP: 12/12
  7647 | D:6      | Reached skill level 12 in Unarmed Combat
  7665 | D:5      | HP: 3/64 [something (4)]
  8275 | D:7      | Noticed utis's ghost (novice DEGl)
  8296 | D:7      | Killed utis's ghost
  8296 | D:7      | Reached skill level 13 in Unarmed Combat
  8432 | D:7      | Reached skill level 1 in Invocations
  8434 | D:7      | Reached * piety under Makhleb
  9070 | D:8      | Noticed YrmMerkstave's ghost (novice MiFi)
  9585 | D:8      | Killed from afar by an orc warrior

Vault maps used:
D:1:      roderic_dead_forest, serial_forest, infiniplex_forest_straight_3,
          infiniplex_forest_side_room, infiniplex_forest_clump_long,
          infiniplex_forest_corner_1, infiniplex_forest_corner_1,
          infiniplex_forest_straight_2
D:2:      minivault_23, kennysheep_nondescript, grunt_ministairs_15,
          uniq_terence
D:3:      grunt_temple_overflow_cloverleaf, ecumenical_altar_2
D:4:      serial_shops, shop, fedhas_altar_2
D:5:      first_bread, grunt_pakellas_mercury, uniq_grinder
D:6:      temple_pool_b, basic_altar, serial_shops, nicolae_shop_statue_plus
D:8:      serial_bayou_lagoon_a, tso_altar
Temple:   lightli_temple_of_artemis

Action                   |  1- 3 |  4- 6 |  7- 9 || total
-------------------------+-------+-------+-------++-------
Melee: Unarmed           |   201 |   211 |   352 ||   764
 Cast: Beastly Appendage |     7 |     7 |     9 ||    23
       Spider Form       |       |       |     2 ||     2
 Abil: Breathe Sticky Fl |       |       |    10 ||    10
  Use: Scroll            |     2 |     2 |    10 ||    14
       Potion            |       |     9 |     8 ||    17
 Stab: Sleeping          |       |     3 |       ||     3
       Distracted        |       |       |     2 ||     2
  Eat: Chunk             |     3 |     8 |    16 ||    27
       Royal jelly       |       |       |     1 ||     1
